 Dungeon Crawl Stone Soup version 0.30-a0-913-g9934a0ce24 (webtiles) character file.

Game seed: 5575432571521329095

50 Iniera the Poker (level 3, -1/29 HPs)
             Began as a Demonspawn Fighter on Mar 20, 2023.
             Killed from afar by an orc wizard (5 damage)
             ... with a puff of flame
             ... on level 2 of the Dungeon.
             The game lasted 00:01:47 (785 turns).

Iniera the Poker (Demonspawn Fighter)                Turns: 785, Time: 00:01:48

Health: -1/29      AC:  8    Str: 18    XL:     3   Next: 55%
Magic:  3/3        EV: 11    Int:  9    God:
Gold:   64         SH:  0    Dex: 18    Spells: 2/2 levels left

rFire   . . .      SeeInvis .    a - +0 trident
rCold   . . .      Faith    .    c - +0 buckler
rNeg    . . .      Spirit   .    b - +0 scale mail
rPois   .          Reflect  .    i - +0 helmet
rElec   .          Rampage  .    (no cloak)
rCorr   .                        k - +0 pair of gloves
Will    .....                    (no boots) Stlth
                                 (no amulet)
HPRegen 0.24/turn                g - +6 ring of dexterity
MPRegen 0.08/turn                (no ring)

@: confused
A: repulsion field 1, weakness stinger 1
a: no special abilities


You were on level 2 of the Dungeon.
You visited 1 branch of the dungeon, and saw 2 of its levels.

You collected 64 gold pieces.

Inventory:

Hand Weapons
 a - a +0 trident (weapon)
Armour
 b - a +0 scale mail (worn)
 c - a +0 buckler (worn)
 i - a +0 helmet (worn)
 k - a +0 pair of gloves (worn)
Jewellery
 g - a +6 ring of dexterity (left hand)
Scrolls
 e - a scroll of blinking {unknown}
 f - a scroll of identify {unknown}
Potions
 d - 2 potions of might
 h - 2 potions of flight {unknown}
 j - a potion of heal wounds {unknown}


   Skills:
 - Level 3.0 Fighting
 * Level 3.6 Polearms
 - Level 2.6 Armour
 - Level 2.6 Shields


You had 2 spell levels left.
You didn't know any spells.
Your spell library was empty.

Dungeon Overview and Level Annotations

Branches:
Dungeon (2/15)

Altars:


Innate Abilities, Weirdness & Mutations

You are surrounded by a mild repulsion field. (EV +2)
You have a small tail.


Message History

The orc priest is moderately wounded.
The orc priest closely misses you.
You barely miss the orc priest.
The orc priest is moderately wounded.
The orc wizard points at you and mumbles some strange words.
The magic dart hits you but does no damage.
You barely miss the orc priest.
The orc priest is moderately wounded.
You block the orc priest's attack. The orc wizard misses you.
The orc priest hits you but does no damage.
The orc wizard hits you but does no damage.
You closely miss the orc priest.
The orc priest is moderately wounded.
You block the orc wizard's attack.
The orc priest casts a cantrip, but nothing happens.
The orc wizard gestures at you while chanting.
You resist with significant effort.
You barely miss the orc priest.
The orc priest is moderately wounded.
You block the orc priest's attack. The orc wizard closely misses you.
The orc wizard points at you and mumbles some strange words.
The magic dart hits you.
* * * LOW HITPOINT WARNING * * *
The orc priest misses you.
The orc wizard attacks as you move away!
The orc wizard barely misses you.
The orc wizard attacks as you move away!
The orc wizard misses you.
The orc wizard attacks as you move away!
The orc wizard barely misses you.
The orc wizard attacks as you move away!
The orc wizard hits you but does no damage.
The orc wizard casts a spell at you. The magic dart hits you.
* * * LOW HITPOINT WARNING * * *
The orc wizard points at you and mumbles some strange words.
You are confused.
The orc wizard gestures at you while chanting.
The puff of flame hits you.
You die...

.........).##...# ######.#
#####oo........#.. #..#.#
##.######.#.#.####.#.#
#####..######.#.#.#....#.#
.........ooo.o.#.#.#.#..#.#
.###..########.#.#.#.#.##.#
#.# #......#.#.#......##
... #.####.#.#.###.....#
### #......@.....#####.#
######.#.#.#.#...#.##
#.#.#.#........#
#.........#.#######
###.#..............
...#######.####### #####
#.# #.# #.#


You could see an orc wizard.

Vanquished Creatures
  An orc priest (D:2)
  An orc (D:2)
  2 ball pythons (D:1)
  An endoplasm (D:1)
  A giant cockroach (D:1)
  2 goblins (D:1)
  3 hobgoblins (D:1)
  2 quokkas (D:1)
  A bat (D:1)
  5 frilled lizards
  2 kobolds (D:1)
21 creatures vanquished.

Notes
Turn   | Place    | Note
-------+----------+-------------------------------------------
     0 | D:1      | Iniera the Demonspawn Fighter began the quest for the Orb.
     0 | D:1      | Reached XP level 1. HP: 18/18 MP: 1/1
   205 | D:1      | Gained mutation: You have a small tail. [demonic ancestry]
   205 | D:1      | Reached XP level 2. HP: 23/24 MP: 2/2
   524 | D:1      | Found a faded altar of an unknown god.
   768 | D:2      | Gained mutation: You are surrounded by a mild repulsion
                  | field. (EV +2) [demonic ancestry]
   768 | D:2      | Reached XP level 3. HP: 7/29 MP: 3/3
   785 | D:2      | Killed from afar by an orc wizard

Illustrated notes

Levels and vault maps discovered:
D:1:      nicolae_arrival_memento_mori, layout_rooms,
          hellmonk_ecumenical_altar_inner_sanctum
D:2:      cheibrodos_pilgrimage, layout_basic

Skill      XL: |  1  2 |
---------------+-------+-----
Polearms       | 2 3 |  3.6
Fighting       | |  3.0
Armour         | |  2.6
Shields        | |  2.6

Action                     || total
---------------------------++-------
  Melee: Trident           ||    75
         Tailslap          ||     4
 Armour: Scale mail        ||    25
  Dodge: Dodged            ||    28
  Block: Buckler           ||    20

Table legend: (Time is in decaauts)
 A = Elapsed time spent in this place.
 B = Non-inter-level travel time spent in this place.
 C = Inter-level travel time spent in this place.
 D = Time resting spent in this place.
 E = Time spent auto-exploring this place.
 F = Levels seen in this place.
 G = Mean time per level.
                   A        B        C        D        E       F      G
               +--------+--------+--------+--------+--------+-----+--------+
         Total |    802 |    750 |     52 |      0 |    565 |   2 |  401.0 |
       Dungeon |    802 |    750 |     52 |      0 |    565 |   2 |  401.0 |
               +--------+--------+--------+--------+--------+-----+--------+

Top non-repeatable levels by time:
     D:1: 669 daAuts
     D:2: 132 daAuts
